cohdb
Replays
Latest Replays
All Replays
Popular Replays
Top Player Replays
Match Explorer
How It Works
Community
CoH3 Stats
Reddit
Sign in to upload your games and track your stats! →
Sign in with Steam
Match 37534151
Unlisted
Match 37534151
Overview
Messages
Build Orders
End
Construct Section Command Post
Vickers Machine Gun Team
Infantry Section
Infantry Section
Selects Australian Defense Battlegroup
Selects Australian Light Infantry Section
Australian Light Infantry Section
Construct Platoon Command Post
CMP 15cwt Truck
Grenade Package
Construct Field Infirmary
Selects CMP 15cwt Supply Run
Selects Artillery Trip Wire Flares
CMP 15cwt Supply Run
Infantry Section
Construct Company Command Post
Crusader II Medium Tank
Selects Archer Tank Destroyer
Royal Engineer Section
Australian Light Infantry Section
Archer Tank Destroyer
Selects Defensive Tactics
Selects Hold the Line!
Crusader II Medium Tank
ShiRo
TidaL
2114751070
Ленагиб
pussytank
SanSani
[Professor]
76561199133470655
0
0
Comments
sign in to comment!
No comments posted yet!